 Dungeon Crawl Stone Soup version 0.31-a0-744-gbc345e7fcb (webtiles) character file.

Game seed: 12830644728542425423

48 DApurpleWHUMPUS the Firebug (level 3, 0/19 HPs)
             Began as a Deep Elf Fire Elementalist on Sept 14, 2023.
             Slain by an adder (3 damage)
             ... on level 2 of the Dungeon.
             The game lasted 00:04:14 (1741 turns).

DApurpleWHUMPUS the Firebug (DEFE)                  Turns: 1741, Time: 00:04:17

Health: 0/19       AC:  2    Str:  5    XL:     3   Next: 50%
Magic:  7/10       EV: 12    Int: 21    God:
Gold:   40         SH:  0    Dex: 15    Spells: 5/9 levels left

rFire   . . .        f - staff of conjuration
rCold   . . .        (no shield)
rNeg    . . .        a - +0 robe
rPois   .            (no helmet)
rElec   .            (no cloak)
rCorr   .            (no gloves)
SInv    .            (no boots)
Will    .....        (no amulet)
Stlth   ++           (no ring)
HPRegen 0.23/turn    (no ring)
MPRegen 0.12/turn

%: no passive effects
@: lethally poisoned (0 -> -6)
A: no striking features
a: no special abilities


You were on level 2 of the Dungeon.
You visited 1 branch of the dungeon, and saw 2 of its levels.

You collected 70 gold pieces.
You spent 30 gold pieces at shops.

Inventory:

Missiles
 m - a throwing net
Armour
 a - a +0 robe (worn)
Magical Staves
 f - a staff of conjuration (weapon)
Talismans
 k - a beast talisman
Scrolls
 e - a scroll of vulnerability
 g - a scroll of revelation {unknown}
 h - a scroll of torment {unknown}
 j - a scroll of blinking {unknown}
 l - a scroll of teleportation
 n - a scroll of identify
 o - a scroll of noise {unknown}
Potions
 b - a potion of magic
 c - a potion of heal wounds {unknown}
 d - 2 potions of curing {unknown}
 i - a potion of cancellation {unknown}


   Skills:
 + Level 1.1 Staves
 - Level 2.4 Dodging
 - Level 2.4 Stealth
 + Level 3.5 Spellcasting
 + Level 1.9 Conjurations
 + Level 3.7 Fire Magic
 + Level 1.3 Evocations


You had 5 spell levels left.
You knew the following spells:

 Your Spells              Type           Power      Damage    Failure   Level
a - Foxfire               Conj/Fire      92%        2x1d8     4%          1
b - Inner Flame           Hex/Fire       11%        N/A       17%         3

Your spell library contained the following spells:

 Spells                   Type           Power      Damage    Failure   Level
 Scorch                   Fire           38%        2d6       4%          2
 Volatile Blastmotes      Fire/Tloc      22%        2d11      17%         3
 Flame Wave               Conj/Fire      23%        2d8       36%         4


Dungeon Overview and Level Annotations

Branches:
Dungeon (2/15)

Altars:

Shops:
D:1 ?


Message History

Casting: Foxfire (safe; 4% risk of failure)
Confirm with . or Enter, or press ? or * to list all spells.
You feel a surge of power!
You conjure some foxfire!
The foxfire hits the jackal.
You kill the jackal!
An adder comes into view.
The foxfire hits the adder.
The adder is heavily wounded.
The foxfire hits the adder.
The adder is almost dead.
Casting: Foxfire (safe; 4% risk of failure)
Confirm with . or Enter, or press ? or * to list all spells.
You don't know that spell.
Sorry, you're not good enough to have a special ability.
Casting: Foxfire (safe; 4% risk of failure)
Confirm with . or Enter, or press ? or * to list all spells.
You feel a surge of power!
You conjure some foxfire!
The adder bites you.
You are poisoned.
The adder poisons you! The jackal bites you. The adder bites you.
You are more poisoned.
The adder poisons you!
Your foxfire dissipates!
You feel very sick.
The foxfire hits the jackal.
The jackal is moderately wounded.
Casting: Foxfire (safe; 4% risk of failure)
Confirm with . or Enter, or press ? or * to list all spells.
You feel a surge of power!
You conjure some foxfire!
You feel very sick.
The jackal bites you but does no damage.
The jackal barely misses you. The adder bites you.
The jackal closely misses you. x2
Unknown command.
Your foxfire dissipates!
You feel sick.
The foxfire hits the jackal.
The jackal is lightly wounded.
The jackal attacks as it pursues you! The jackal bites you.
* * * LOW HITPOINT WARNING * * *
The adder bites you.
You die...

#....##....#####.........#.....
#....##....'...#.........#.....
#....##....###.#######...#.....
#....##....# #.# #####.....
###+###....# #.# # #....###'##
# #.........# # #####.....# #
#...@.# #..hSh# #...h.# #...S.#
#.....# ####'## #'# ... ... #


You could see 2 adders and 3 jackals.

Vanquished Creatures
  An adder (D:2)
  A dart slug (D:1)
  2 ball pythons (D:1)
  A bat (D:1)
  4 endoplasms
  6 goblins
  4 hobgoblins
  A jackal (D:2)
  5 kobolds
  3 frilled lizards
  3 rats
  A spectral goblin (D:2)
32 creatures vanquished.

Vanquished Creatures (others)
  90 foxfires
90 creatures vanquished.

Grand Total: 122 creatures vanquished

Notes
Turn   | Place    | Note
-------+----------+-------------------------------------------
     0 | D:1      | DApurpleWHUMPUS the Deep Elf Fire Elementalist began the
                  | quest for the Orb.
     0 | D:1      | Reached XP level 1. HP: 10/10 MP: 6/6
   228 | D:1      | Reached XP level 2. HP: 10/15 MP: 0/8
   540 | D:1      | Found Lila's Magic Scroll Emporium.
   601 | D:1      | Reached skill level 1 in Evocations
   618 | D:1      | Bought a scroll of teleportation for 30 gold pieces
   933 | D:2      | Reached XP level 3. HP: 11/19 MP: 4/9
  1121 | D:2      | Reached skill level 1 in Staves
  1263 | D:2      | Learned a level 3 spell: Inner Flame
  1285 | D:2      | Found a faded altar of an unknown god.
  1741 | D:2      | Slain by an adder

Illustrated notes

Levels and vault maps discovered:
D:1:      minmay_arrival_widening_spiral_wide, layout_basic, serial_shops, shop
D:2:      layout_basic, serial_glass, glass_columns_a, glass_columns_a,
          dreamdust_ecumenical_altar_drowned_temple

Skill      XL: |  1  2  3 |
---------------+----------+-----
Evocations     | 1 |  1.3
Staves         | 1 |  1.1
Dodging        | |  2.4
Stealth        | |  2.4
Spellcasting   | |  3.5
Conjurations   | |  1.9
Fire Magic     | |  3.7

Action                     || total
---------------------------++-------
  Melee: Staff             ||     1
   Cast: Foxfire           ||    70
    Use: Scroll            ||     1
 Armour: Robe              ||    33
  Dodge: Dodged            ||    27

Table legend: (Time is in decaauts)
 A = Elapsed time spent in this place.
 B = Non-inter-level travel time spent in this place.
 C = Inter-level travel time spent in this place.
 D = Time resting spent in this place.
 E = Time spent auto-exploring this place.
 F = Levels seen in this place.
 G = Mean time per level.
                   A        B        C        D        E       F      G
               +--------+--------+--------+--------+--------+-----+--------+
         Total |   1742 |   1742 |      0 |    114 |   1265 |   2 |  871.0 |
       Dungeon |   1742 |   1742 |      0 |    114 |   1265 |   2 |  871.0 |
               +--------+--------+--------+--------+--------+-----+--------+

Top non-repeatable levels by time:
     D:1: 895 daAuts
     D:2: 847 daAuts
